 Dungeon Crawl Stone Soup version 0.20-a0-1016-g241539b (webtiles) character file.

472 Griselidis the Ruffian (level 6, 0/62 HPs)
             Began as a Troll Fighter on Apr 16, 2017.
             Was an Elder of Uskayaw.
             Slain by a bullfrog skeleton (2 damage)
             ... on level 5 of the Dungeon.
             The game lasted 00:06:17 (2599 turns).

Griselidis the Ruffian (Troll Fighter)              Turns: 2599, Time: 00:06:18

Health: 0/62       AC:  8    Str: 25    XL:     6   Next: 83%
Magic:  5/6        EV:  8    Int:  4    God:    Uskayaw [****..]
Gold:   103        SH:  9    Dex: 11    Spells: 5/5 levels left

rFire    . . .     SeeInvis .     - Unarmed
rCold    . . .     Gourm    +   b - +0 shield
rNeg     . . .     Faith    .   a - +0 robe
rPois    .         Spirit   .   (helmet restricted)
rElec    .         Reflect  .   z - +2 cloak
rCorr    .         Harm     .   (gloves unavailable)
MR       .....                  (boots unavailable)
Stlth    +.........             (no amulet)
Regen    0.6/turn               (no ring)
MPRegen  0.1/turn               (no ring)

@: no status effects
A: unfitting armour, claws 3, fast metabolism 3, gourmand, regeneration 1,
shaggy fur 1, tough skin 2
a: Stomp, Line Pass, Renounce Religion


You were on level 5 of the Dungeon.
You worshipped Uskayaw.
Uskayaw was noncommittal.
You were completely stuffed.

You visited 2 branches of the dungeon, and saw 6 of its levels.

You collected 103 gold pieces.

Inventory:

Missiles
 q - 14 poisoned needles
Armour
 a - a +0 robe (worn)
 b - a +0 shield (worn)
 z - a +2 cloak (worn)
Wands
 e - a wand of clouds (5/9)
Scrolls
 j - 2 scrolls of blinking {unknown}
 l - 3 scrolls of identify {unknown}
Potions
 c - 2 potions of might
 f - a potion of heal wounds {unknown}
 g - 3 potions of magic {unknown}
 i - a potion of degeneration {unknown}
 k - a potion of curing {unknown}
 o - a potion of ambrosia {unknown}
 s - a potion of invisibility {unknown}
Comestibles
 d - 6 bread rations
 p - a royal jelly
 x - a meat ration


   Skills:
 + Level 3.7 Fighting
 + Level 1.7 Throwing
 - Level 2.4 Dodging
 + Level 3.5 Shields
 * Level 4.8 Unarmed Combat
 + Level 1.4 Invocations


You had 5 spell levels left.
You didn't know any spells.

Dungeon Overview and Level Annotations

Branches:
Dungeon (5/15)             Temple (1/1) D:4

Altars:
Ashenzari
Cheibriados
Dithmenos
Nemelex Xobeh
Okawaru
Qazlal
Trog
Uskayaw
Vehumet
Zin
The Shining One

Annotations:
D:5 FastMan's ghost, novice FoFi


Innate Abilities, Weirdness & Mutations

You are too large for most types of armour.
You have claws for hands.
Your metabolism is lightning-fast.
You like to eat raw meat.
Your natural rate of healing is unusually fast.
You are covered in fur. (AC +1)
You have very tough skin. (AC +2)


Message History

You kill Ijyb!
Your Invocations skill increases to level 1!
You block FastMan's ghost's attack.
You mangle the water moccasin!!
The water moccasin is severely wounded.
The water moccasin bites you. FastMan's ghost hits you.
You block the water moccasin's attack.
Uskayaw will force your foes to share their pain.
Uskayaw links your audience in an emotional bond!
You mangle the water moccasin!!
You kill the water moccasin!
FastMan's ghost is no longer sharing its pain.
You block FastMan's ghost's attack.
The bullfrog skeleton hits you but does no damage.
You scratch the bullfrog skeleton.
The bullfrog skeleton is severely damaged.
FastMan's ghost hits you!!
* * * LOW HITPOINT WARNING * * *
The bullfrog skeleton hits you.
You die...

..##
#...
#..#
#..#
#..#
#..#
#.%#
#<.#
#@)#
#ZW#
#..#
#..#
....
....#
....#
.....#


You could see FastMan's ghost and a bullfrog skeleton.

Vanquished Creatures
  A water moccasin (D:5)
  An orc warrior (D:4)
  A howler monkey (D:5)
  An orc priest (D:4)
  Ijyb (D:5)
  A worker ant (D:4)
  3 gnolls
  2 adders (D:2)
  2 adder skeletons (D:4)
  4 dart slugs
  5 leopard geckos
  3 orcs (D:4)
  5 giant cockroaches
  7 goblins
  6 hobgoblins
  8 jackals (D:2)
  A quokka (D:3)
  2 ball pythons
  8 bats
  8 frilled lizards
  13 kobolds
  13 rats
  A plant (D:1)
97 creatures vanquished.

Notes
Turn   | Place    | Note
-------+----------+-------------------------------------------
     0 | D:1      | Griselidis the Troll Fighter began the quest for the Orb.
     0 | D:1      | Reached XP level 1. HP: 22/22 MP: 0/0
    79 | D:1      | Reached XP level 2. HP: 29/29 MP: 1/1
   472 | D:1      | Reached XP level 3. HP: 36/36 MP: 2/2
   645 | D:1      | Reached skill level 3 in Unarmed Combat
   935 | D:2      | Found an iron altar of Okawaru.
   980 | D:2      | Reached XP level 4. HP: 41/45 MP: 3/3
  1605 | D:3      | Found a glowing golden altar of the Shining One.
  1792 | D:4      | Found a staircase to the Ecumenical Temple.
  1801 | Temple   | Entered the Ecumenical Temple
  1890 | Temple   | Became a worshipper of Uskayaw the Reveler
  1963 | D:4      | Found a shadowy altar of Dithmenos.
  1972 | D:4      | Reached * piety under Uskayaw
  2089 | D:4      | Found a shattered altar of Ashenzari.
  2197 | D:4      | Found a bloodstained altar of Trog.
  2203 | D:4      | Noticed an orc warrior
  2215 | D:4      | Reached ** piety under Uskayaw
  2218 | D:4      | Reached *** piety under Uskayaw
  2219 | D:4      | Reached **** piety under Uskayaw
  2222 | D:4      | Killed an orc warrior
  2222 | D:4      | Reached skill level 1 in Throwing
  2222 | D:4      | Reached skill level 4 in Unarmed Combat
  2222 | D:4      | Reached XP level 5. HP: 4/53 MP: 4/4
  2431 | D:4      | Found a sparkling altar of Nemelex Xobeh.
  2443 | D:4      | Reached XP level 6. HP: 50/61 MP: 1/5
  2570 | D:5      | Entered Level 5 of the Dungeon
  2587 | D:5      | Noticed Ijyb
  2588 | D:5      | Noticed FastMan's ghost (novice FoFi)
  2592 | D:5      | Noticed a water moccasin
  2596 | D:5      | Killed Ijyb
  2596 | D:5      | Reached skill level 1 in Invocations
  2598 | D:5      | Killed a water moccasin
  2599 | D:5      | HP: 2/62 [FastMan's ghost (19)]
  2599 | D:5      | Slain by a bullfrog skeleton

Vault maps used:
D:1:      dpeg_arrival_lava_temple_mockup, lexackson_kobold_supper
D:2:      okawaru_ov_weapons_minmay
D:3:      tso_oasis_becter
D:4:      kennysheep_little_box, old_standard_altar,
          lemuel_coloured_pillars_altar, minmay_temple_entry_mist, first_bread,
          nicolae_dithmenos_shadow_blocks
D:5:      nicolae_overflow_hidden_temple, corexii_leaking_fountain,
          uniq_eustachio, uniq_iyjb
Temple:   nicolae_temple_figure_eight

Skill      XL: |  1  2  3  4  5  6 |
---------------+-------------------+-----
Unarmed Combat | 3 4 |  4.8
Fighting       | 3 |  3.7
Shields        | 3 |  3.5
Throwing       | 1 |  1.7
Invocations    | 1 |  1.4
Dodging        | |  2.4

Action                   |  1- 3 |  4- 6 || total
-------------------------+-------+-------++-------
Melee: Unarmed           |   121 |   126 ||   247
Invok: Stomp             |       |     2 ||     2
  Use: Scroll            |       |     7 ||     7
 Stab: Sleeping          |     2 |     2 ||     4
       Paralysed         |       |     1 ||     1
  Eat: Chunk             |    14 |    16 ||    30
Armor: Robe              |    68 |    37 ||   105
Dodge: Dodged            |    55 |    28 ||    83
Block: Shield            |    58 |    48 ||   106
